NCAA
MICHIGAN WOLVERINES @ MARYLAND TERRAPINS
04/06/2023
 
TOP OF THE 1ST
Michigan Wolverines batting - Pitching for Maryland Terrapins : RHP Curt Watkins
Pitching: RHP Curt Watkins
Batting: RHB Paul Gordon 0-0: Ball
1-0: Swinging Strike
1-1: SOLO HOME RUN (Flyball, 7D), Distance : 364 ft
Batting: RHB Enrique Ferreira 0-0: Fly out, F9 (Flyball, 89M)
Batting: RHB Patrick Potts 0-0: Called Strike
0-1: Fly out, F8 (Flyball, 8LM)
Batting: LHB Sergio Luna 0-0: Ball
1-0: Called Strike
1-1: Ball
2-1: Ground out 1-3 (Groundball, 13)
Top of the 1st over - 1 run(s), 1 hit(s), 0 error(s), 0 left on base; Michigan 1 - Maryland 0
BOTTOM OF THE 1ST
Maryland Terrapins batting - Pitching for Michigan Wolverines : RHP Guillermo Beltrán
Pitching: RHP Guillermo Beltrán
Batting: LHB Armando Torres 0-0: Fly out, F7 (Flyball, 7LM)
Batting: RHB Larry Boggs 0-0: Ball
1-0: Called Strike
1-1: Foul Ball, location: 2F
1-2: Ball
2-2: Ground out 5-3 (Groundball, 56)
Batting: SHB Frank Johnston 0-0: Ground out 5-3 (Groundball, 56)
Bottom of the 1st over - 0 run(s), 0 hit(s), 0 error(s), 0 left on base; Michigan 1 - Maryland 0
TOP OF THE 2ND
Michigan Wolverines batting - Pitching for Maryland Terrapins : RHP Curt Watkins
Batting: LHB Christian Peterson 0-0: Ball
1-0: Ball
2-0: Ball
3-0: Called Strike
3-1: Swinging Strike
3-2: Ground out U3 (Groundball, 3S)
Batting: RHB Mario Silva 0-0: Swinging Strike
0-1: Ball
1-1: Foul Ball, location: 2F
1-2: Strikes out swinging
Batting: RHB Vincente León 0-0: Foul Ball, location: 2F
0-1: Foul Ball, location: 2F
0-2: Foul Ball, location: 2F
0-2: Strikes out swinging
Top of the 2nd over - 0 run(s), 0 hit(s), 0 error(s), 0 left on base; Michigan 1 - Maryland 0
BOTTOM OF THE 2ND
Maryland Terrapins batting - Pitching for Michigan Wolverines : RHP Guillermo Beltrán
Batting: SHB Tom Johnson 0-0: Ball
1-0: Foul Ball, location: 2F
1-1: Ball
2-1: Fly out, F5 (Line Drive, 56S)
Batting: LHB Raymond Soto 0-0: Ball
1-0: SINGLE (Flyball, 8LS)
Batting: RHB Frank Ramsey 0-0: Called Strike
0-1: Ball
1-1: Ball
2-1: Foul Ball, location: 2F
2-2: Fly out, F7 (Flyball, 78M)
Batting: RHB Lúcio Ramírez 0-0: Called Strike
0-1: Ground out 4-3 (Groundball, 4)
Bottom of the 2nd over - 0 run(s), 1 hit(s), 0 error(s), 1 left on base; Michigan 1 - Maryland 0
TOP OF THE 3RD
Michigan Wolverines batting - Pitching for Maryland Terrapins : RHP Curt Watkins
Batting: RHB Scott Walker 0-0: Ball
1-0: Foul Ball, location: 2F
1-1: Foul Ball, location: 2F
1-2: Strikes out swinging
Batting: SHB Juan Carlos Mesa 0-0: Ball
1-0: Foul Ball, location: 2F
1-1: SINGLE (Line Drive, 34D)
Batting: RHB Paul Gordon 0-0: Swinging Strike
0-1: Ball
1-1: Fielders Choice at 2nd, 1-6 (Groundball, 13S)
Batting: RHB Enrique Ferreira 0-0: Called Strike
0-1: Ball
1-1: SINGLE (Groundball, 56)
Paul Gordon to second
Batting: RHB Patrick Potts 0-0: Ball
1-0: Ground out 5-3 (Groundball, 56S)
Top of the 3rd over - 0 run(s), 2 hit(s), 0 error(s), 2 left on base; Michigan 1 - Maryland 0
BOTTOM OF THE 3RD
Maryland Terrapins batting - Pitching for Michigan Wolverines : RHP Guillermo Beltrán
Batting: SHB Alex Aguilar 0-0: Ball
1-0: Foul Ball, location: 2F
1-1: Ball
2-1: Ground out 5-3 (Groundball, 56S)
Batting: RHB Bill Smith 0-0: Ground out 6-3 (Groundball, 6M)
Batting: LHB Armando Torres 0-0: Ball
1-0: Ball
2-0: SINGLE (Line Drive, 6D)
Batting: RHB Larry Boggs 0-0: Ball
1-0: Ball
2-0: Ball
3-0: Called Strike
3-1: Ground out 1-3 (Groundball, 13S)
Bottom of the 3rd over - 0 run(s), 1 hit(s), 0 error(s), 1 left on base; Michigan 1 - Maryland 0
TOP OF THE 4TH
Michigan Wolverines batting - Pitching for Maryland Terrapins : RHP Curt Watkins
Batting: LHB Sergio Luna 0-0: Ball
1-0: Ball
2-0: Foul Ball, location: 2F
2-1: SOLO HOME RUN (Flyball, 78XD), Distance : 380 ft
Batting: LHB Christian Peterson 0-0: Fly out, F6 (Popup, 6MD)
Batting: RHB Mario Silva 0-0: Ball
1-0: Ball
2-0: Ball
3-0: Base on Balls
Batting: RHB Vincente León 0-0: Ball
1-0: Ball
2-0: Called Strike
2-1: Reached on error, E1 (Groundball, 13S)
Mario Silva to second
Batting: RHB Scott Walker 0-0: Ball
1-0: Ball
2-0: Called Strike
2-1: Foul Ball, location: 2F
2-2: Foul Ball, location: 2F
2-2: Strikes out swinging
Batting: SHB Juan Carlos Mesa 0-0: Called Strike
0-1: Swinging Strike
0-2: Strikes out looking
Top of the 4th over - 1 run(s), 1 hit(s), 1 error(s), 2 left on base; Michigan 2 - Maryland 0
BOTTOM OF THE 4TH
Maryland Terrapins batting - Pitching for Michigan Wolverines : RHP Guillermo Beltrán
Batting: SHB Frank Johnston 0-0: Ball
1-0: Fly out, F7 (Flyball, 7M)
Batting: SHB Tom Johnson 0-0: DOUBLE (Flyball, 89D)
Batting: LHB Raymond Soto 0-0: Called Strike
0-1: Foul Ball, location: 2F
0-2: Strikes out swinging
Batting: RHB Frank Ramsey 0-0: Ball
1-0: Ball
2-0: Called Strike
2-1: Ball
3-1: SINGLE (Line Drive, 7S)
Tom Johnson to third
Batting: RHB Lúcio Ramírez 0-0: Ball
1-0: Foul Ball, location: 2F
1-1: Foul Ball, location: 2F
1-2: Ball
2-2: Ball
3-2: Base on Balls
Frank Ramsey to second
Batting: SHB Alex Aguilar 0-0: Called Strike
0-1: Foul Ball, location: 2F
0-2: Ball
1-2: Ball
2-2: Foul Ball, location: 2F
2-2: Strikes out swinging
Bottom of the 4th over - 0 run(s), 2 hit(s), 0 error(s), 3 left on base; Michigan 2 - Maryland 0
TOP OF THE 5TH
Michigan Wolverines batting - Pitching for Maryland Terrapins : RHP Curt Watkins
Batting: RHB Paul Gordon 0-0: Ball
1-0: Called Strike
1-1: Called Strike
1-2: Ball
2-2: Foul Ball, location: 2F
2-2: Ball
3-2: Strikes out swinging
Batting: RHB Enrique Ferreira 0-0: Ball
1-0: Ball
2-0: Ball
3-0: Called Strike
3-1: Fly out, F9 (Popup, 89M)
Batting: RHB Patrick Potts 0-0: Ball
1-0: Ball
2-0: Called Strike
2-1: Swinging Strike
2-2: DOUBLE (Line Drive, 3D)
Batting: LHB Sergio Luna 0-0: Foul Ball, location: 2F
0-1: Ground out U3 (Groundball, 3S)
Top of the 5th over - 0 run(s), 1 hit(s), 0 error(s), 1 left on base; Michigan 2 - Maryland 0
BOTTOM OF THE 5TH
Maryland Terrapins batting - Pitching for Michigan Wolverines : RHP Guillermo Beltrán
Batting: RHB Bill Smith 0-0: Ball
1-0: Ground out 3-1 (Groundball, 34)
Batting: LHB Armando Torres 0-0: Called Strike
0-1: Ball
1-1: DOUBLE (Flyball, 89M)
Batting: RHB Larry Boggs 0-0: Ground out U3 (Groundball, 3L)
Armando Torres to third
Batting: SHB Frank Johnston 0-0: Ball
1-0: 2-RUN HOME RUN (Flyball, 9D), Distance : 371 ft
Batting: SHB Tom Johnson 0-0: Called Strike
0-1: Ball
1-1: Called Strike
1-2: Ball
2-2: Ball
3-2: Foul Ball, location: 2F
3-2: SINGLE (Groundball, 6M)
Batting: LHB Raymond Soto 0-0: Called Strike
0-1: Swinging Strike
0-2: Fly out, F7 (Flyball, 7LM)
Bottom of the 5th over - 2 run(s), 3 hit(s), 0 error(s), 1 left on base; Michigan 2 - Maryland 2
TOP OF THE 6TH
Michigan Wolverines batting - Pitching for Maryland Terrapins : RHP Curt Watkins
Pitching: RHP Enrique Miranda
Batting: LHB Christian Peterson 0-0: Foul Ball, location: 2F
0-1: Ball
1-1: Foul Ball, location: 2F
1-2: Ground out 4-3 (Groundball, 34)
Batting: RHB Mario Silva 0-0: Ball
1-0: Called Strike
1-1: Ball
2-1: Ball
3-1: Foul Ball, location: 2F
3-2: Base on Balls
Batting: RHB Vincente León 0-0: Ball
1-0: Ball
2-0: Swinging Strike
2-1: Ball
3-1: Foul Ball, location: 2F
3-2: Ground out 4-3 (Groundball, 4M)
Mario Silva to second
Batting: RHB Scott Walker 0-0: Ball
1-0: Called Strike
1-1: Called Strike
1-2: Ball
2-2: Foul Ball, location: 2F
2-2: Fly out, F4 (Popup, 4MS)
Top of the 6th over - 0 run(s), 0 hit(s), 0 error(s), 1 left on base; Michigan 2 - Maryland 2
BOTTOM OF THE 6TH
Maryland Terrapins batting - Pitching for Michigan Wolverines : RHP Guillermo Beltrán
Batting: RHB Frank Ramsey 0-0: Ball
1-0: Ground out 5-3 (Groundball, 5S)
Batting: RHB Lúcio Ramírez 0-0: Called Strike
0-1: Ball
1-1: Foul Ball, location: 2F
1-2: SINGLE (Groundball, 34D)
Pitching: RHP Ray Robbins
Batting: SHB Alex Aguilar 0-0: Called Strike
0-1: Ball
Lúcio Ramírez is caught stealing 2nd base
1-1: Ball
2-1: Fly out, F7 (Line Drive, 78S)
Bottom of the 6th over - 0 run(s), 1 hit(s), 0 error(s), 0 left on base; Michigan 2 - Maryland 2
TOP OF THE 7TH
Michigan Wolverines batting - Pitching for Maryland Terrapins : RHP Enrique Miranda
Batting: SHB Juan Carlos Mesa 0-0: Ball
1-0: Called Strike
1-1: Ground out 1-3 (Groundball, 15S)
Batting: RHB Paul Gordon 0-0: Ball
1-0: Foul Ball, location: 2F
1-1: SINGLE (Groundball, 56)
Batting: RHB Enrique Ferreira 0-0: Ball
1-0: Called Strike
1-1: Swinging Strike
1-2: Fly out, F6 (Popup, 6M)
Batting: RHB Patrick Potts 0-0: Called Strike
0-1: Ball
1-1: Ball
2-1: Ball
3-1: Base on Balls
Paul Gordon to second
Batting: LHB Sergio Luna 0-0: Called Strike
0-1: Ball
1-1: Fly out, F8 (Flyball, 8LD)
Top of the 7th over - 0 run(s), 1 hit(s), 0 error(s), 2 left on base; Michigan 2 - Maryland 2
BOTTOM OF THE 7TH
Maryland Terrapins batting - Pitching for Michigan Wolverines : RHP Ray Robbins
Batting: RHB Bill Smith 0-0: Ball
1-0: Foul Ball, location: 2F
1-1: Fly out, F7 (Flyball, 8LM)
Batting: LHB Armando Torres 0-0: Swinging Strike
0-1: Ball
1-1: Called Strike
1-2: Foul Ball, location: 2F
1-2: Strikes out looking
Batting: RHB Larry Boggs 0-0: Fly out, F7 (Flyball, 7M)
Bottom of the 7th over - 0 run(s), 0 hit(s), 0 error(s), 0 left on base; Michigan 2 - Maryland 2
TOP OF THE 8TH
Michigan Wolverines batting - Pitching for Maryland Terrapins : RHP Enrique Miranda
Pitching: RHP Gunner Morris
Batting: LHB Christian Peterson 0-0: Ball
1-0: Ball
2-0: Swinging Strike
2-1: Foul Ball, location: 2F
2-2: Ball
3-2: Strikes out swinging
Batting: RHB Mario Silva 0-0: Ball
1-0: Ball
2-0: Called Strike
2-1: Foul Ball, location: 2F
2-2: Ball
3-2: Base on Balls
Pinch Hitting: SHB Denver Harmon 0-0: Swinging Strike
0-1: Ball
1-1: Ball
2-1: Called Strike
2-2: Strikes out swinging
Pinch Hitting: RHB Buck Charles 0-0: Fly out, F8 (Flyball, 8RM)
Top of the 8th over - 0 run(s), 0 hit(s), 0 error(s), 1 left on base; Michigan 2 - Maryland 2
BOTTOM OF THE 8TH
Maryland Terrapins batting - Pitching for Michigan Wolverines : RHP Ray Robbins
Now at 1B: Denver Harmon
Now at 3B: Ray Robertson
Batting: SHB Frank Johnston 0-0: Ball
1-0: Swinging Strike
1-1: Fly out, F7 (Flyball, 7M)
Pitching: LHP Geoff Corbett
Batting: SHB Tom Johnson 0-0: Called Strike
0-1: Ball
1-1: Ball
2-1: Ball
3-1: Swinging Strike
3-2: Base on Balls
Batting: LHB Raymond Soto 0-0: Called Strike
0-1: Ball
1-1: Ball
2-1: Foul Ball, location: 2F
2-2: Strikes out swinging
Batting: RHB Frank Ramsey 0-0: Ball
1-0: Ball
2-0: SINGLE (Groundball, 4M)
Tom Johnson to second
Batting: RHB Lúcio Ramírez 0-0: Ball
1-0: Foul Ball, location: 2F
1-1: Fly out, F7 (Line Drive, 78M)
Bottom of the 8th over - 0 run(s), 1 hit(s), 0 error(s), 2 left on base; Michigan 2 - Maryland 2
TOP OF THE 9TH
Michigan Wolverines batting - Pitching for Maryland Terrapins : RHP Gunner Morris
Pitching: RHP Pete Gillespie
Batting: SHB Juan Carlos Mesa 0-0: Called Strike
0-1: Ball
1-1: Ball
2-1: Ball
3-1: Swinging Strike
3-2: Base on Balls
Batting: RHB Paul Gordon 0-0: Fielders Choice at 2nd, 6-4 (Groundball, 6M)
Batting: RHB Enrique Ferreira 0-0: Ball
1-0: Ball
2-0: Grounds into double play, 1-6-3 (Groundball, 13)
Top of the 9th over - 0 run(s), 0 hit(s), 0 error(s), 0 left on base; Michigan 2 - Maryland 2
BOTTOM OF THE 9TH
Maryland Terrapins batting - Pitching for Michigan Wolverines : LHP Geoff Corbett
Batting: SHB Alex Aguilar 0-0: Called Strike
0-1: Ball
1-1: Foul Ball, location: 2F
1-2: Foul Ball, location: 2F
1-2: Fly out, F8 (Flyball, 8RM)
Pinch Hitting: SHB Josh Gross 0-0: Foul Ball, location: 2F
0-1: Ball
1-1: Foul Ball, location: 2F
1-2: Strikes out swinging
Batting: LHB Armando Torres 0-0: Ball
1-0: Ball
2-0: Ground out 2-3 (Groundball, 2L)
Bottom of the 9th over - 0 run(s), 0 hit(s), 0 error(s), 0 left on base; Michigan 2 - Maryland 2
TOP OF THE 10TH
Michigan Wolverines batting - Pitching for Maryland Terrapins : RHP Pete Gillespie
Now in CF: Josh Gross
Batting: RHB Patrick Potts 0-0: Foul Ball, location: 2F
0-1: Ball
1-1: Swinging Strike
1-2: DOUBLE (Groundball, 3L)
Batting: LHB Sergio Luna 0-0: Intentional Walk
Batting: LHB Christian Peterson 0-0: Ball
1-0: Swinging Strike
1-1: Swinging Strike
1-2: Ball
2-2: Strikes out swinging
Batting: RHB Mario Silva 0-0: Ball
1-0: Foul Ball, location: 2F
1-1: SINGLE (Line Drive, 56D)
Patrick Potts to third
Sergio Luna to second
Batting: SHB Denver Harmon 0-0: Ball
1-0: Ball
2-0: Ball
3-0: Base on Balls
Patrick Potts scores
Sergio Luna to third
Mario Silva to second
Batting: RHB Ray Robertson 0-0: Called Strike
0-1: Ball
1-1: Ball
2-1: Swinging Strike
2-2: Ball
3-2: Foul Ball, location: 2F
3-2: Foul Ball, location: 2F
3-2: Strikes out swinging
Batting: SHB Juan Carlos Mesa 0-0: Ball
1-0: SINGLE (Popup, 8RS)
Sergio Luna scores
Mario Silva to third
Denver Harmon to second
Runner from 3rd tries for Home, SAFE, throw made home
Pitching: LHP Luis Luján
Batting: RHB Paul Gordon 0-0: DOUBLE (Line Drive, 7LM)
Denver Harmon scores
Juan Carlos Mesa to third
Runner from 3rd tries for Home, SAFE, no throw or cutoff
Batting: RHB Enrique Ferreira 0-0: Ball
1-0: Foul Ball, location: 2F
1-1: SINGLE (Line Drive, 34D)
Paul Gordon to third
Runner from 3rd tries for Home, SAFE, no throw or cutoff
Batting: RHB Patrick Potts 0-0: SINGLE (Groundball, 4MD)
Enrique Ferreira to second
Runner from 2nd tries for 3rd, SAFE, throw made to third
Patrick Potts to second
Batting: LHB Sergio Luna 0-0: Ball
1-0: Ball
2-0: Ground out 5-3 (Groundball, 5L)
Top of the 10th over - 6 run(s), 6 hit(s), 0 error(s), 2 left on base; Michigan 8 - Maryland 2
BOTTOM OF THE 10TH
Maryland Terrapins batting - Pitching for Michigan Wolverines : LHP Geoff Corbett
Now at SS: Norman Calver
Batting: RHB Larry Boggs 0-0: Called Strike
0-1: Ball
1-1: Ball
2-1: Ball
3-1: Base on Balls
Batting: SHB Frank Johnston 0-0: Foul Ball, location: 2F
0-1: Ball
1-1: Ball
2-1: Ball
3-1: Called Strike
3-2: Base on Balls
Larry Boggs to second
Batting: SHB Tom Johnson 0-0: Grounds into double play, U6-3 (Groundball, 6M)
Larry Boggs to third
Batting: LHB Raymond Soto 0-0: Reached on error, E1 (Groundball, 15)
Larry Boggs scores
Batting: RHB Frank Ramsey 0-0: Called Strike
0-1: Foul Ball, location: 2F
0-2: Ball
1-2: Foul Ball, location: 2F
1-2: Ground out U3 (Groundball, 3)
Bottom of the 10th over - 1 run(s), 0 hit(s), 1 error(s), 1 left on base; Michigan 8 - Maryland 3
This league is powered by Out of the Park Baseball, the baseball management simulation game for PC, Mac and Linux
Wednesday, December 2nd, 2015 - OOTP Baseball 16.8 Build 38